 Dungeon Sprint DCSS version 0.25.1-2-g60ff931df9 (webtiles) character file.

Game seed: 14615333201656398558

273 raphialitos the Blocker (level 6, 0/62 HPs)
             Began as a Minotaur Fighter on Oct 6, 2020.
             Slain by a slime creature (17 damage)
             ... in the Dungeon (Sprint I: "Red Sonja").
             The game lasted 00:00:27 (45 turns).

raphialitos the Blocker (Minotaur Fighter)            Turns: 45, Time: 00:00:28

Health: 0/62       AC:  8    Str: 22    XL:     6   Next: 3%
Magic:  5/5        EV:  9    Int:  5    God:
Gold:   54         SH: 11    Dex: 10    Spells: 5/5 levels left

rFire    . . .     SeeInvis .   a - +0 long sword
rCold    . . .     Gourm    .   c - +0 kite shield
rNeg     . . .     Faith    .   b - +0 scale mail
rPois    .         Spirit   .   (helmet restricted)
rElec    .         Reflect  .   (no cloak)
rCorr    .         Harm     .   (no gloves)
MR       .....     NoTele   +   (no boots)
Stlth    ..........             (no amulet)
HPRegen  0.20/turn              (no ring)
MPRegen  0.09/turn              (no ring)

@: mighty
A: retaliatory headbutt, horns 2
a: no special abilities


You were in the Dungeon.
You were not hungry.

You visited 1 branch You collected 54 gold pieces.

Inventory:

Hand Weapons
 a - a +0 long sword (weapon)
Armour
 b - a +0 scale mail (worn)
 c - a +0 kite shield (worn)
Scrolls
 k - a scroll of blinking
Potions
 e - a potion of curing
 g - a potion of heal wounds
 h - a potion of haste
 i - 2 potions of magic
 j - a potion of berserk rage
Comestibles
 f - a ration


   Skills:
 + Level 8.4 Fighting
 + Level 7.7 Long Blades
 + Level 7.7 Armour
 + Level 2.2 Dodging
 + Level 8.5 Shields


You had 5 spell levels left.
You didn't know any spells.
Your spell library was empty.

Dungeon Overview and Level Annotations

Branches:
Dungeon (1/1)

Altars:
Makhleb
Xom
Jiyva
Lugonu


Innate Abilities, Weirdness & Mutations

You reflexively headbutt those who attack you in melee.
You have a pair of horns on your head.


Message History

A slime creature comes into view.
An arrow hits the slime creature!
Found four altars.
You block the slime creature's attack.
There is an open door here.
You slash the slime creature! You headbutt the slime creature!
The slime creature is moderately wounded.
The slime creature hits you but does no damage.
You slash the slime creature!
The slime creature is severely wounded.
The slime creature hits you!!
You completely miss the slime creature.
The slime creature is severely wounded.
The slime creature hits you!
* * * LOW HITPOINT WARNING * * *
You completely miss the slime creature. You headbutt the slime creature!
The slime creature is almost dead.
The slime creature jiggles.
The slime creature hits you!
You die...

###################
#<.#..)..#..'.$#__#
#..').#..').#$.@J.+
#..#####+#####+#__#
#..# ### #..# #..#
#⌠⌠# ####


You could see a slime creature.

Vanquished Creatures
  Sigmund (D)
  An ogre (D)
  Ijyb (D)
3 creatures vanquished.

Notes
Turn   | Place    | Note
-------+----------+-------------------------------------------
     0 | D        | raphialitos the Minotaur Fighter began the quest for the
                  | Orb.
     0 | D        | Reached XP level 1. HP: 19/19 MP: 0/0
     1 | D        | Noticed Ijyb
    11 | D        | Killed Ijyb
    11 | D        | Reached skill level 5 in Fighting
    11 | D        | Reached skill level 5 in Armour
    11 | D        | Reached skill level 5 in Shields
    11 | D        | Reached XP level 2. HP: 29/29 MP: 1/1
    14 | D        | Noticed an ogre
    20 | D        | Killed an ogre
    20 | D        | Reached skill level 5 in Long Blades
    20 | D        | Reached skill level 1 in Dodging
    20 | D        | Reached XP level 3. HP: 38/38 MP: 2/2
    20 | D        | Reached XP level 4. HP: 45/45 MP: 3/3
    24 | D        | Noticed Sigmund
    31 | D        | Killed Sigmund
    31 | D        | Reached XP level 5. HP: 42/56 MP: 4/4
    31 | D        | Reached XP level 6. HP: 46/62 MP: 5/5
    40 | D        | Found a burning altar of Makhleb.
    40 | D        | Found a viscous altar of Jiyva.
    40 | D        | Found a shimmering altar of Xom.
    40 | D        | Found a corrupted altar of Lugonu.
    40 | D        | Noticed a slime creature
    45 | D        | Slain by a slime creature

Illustrated notes

Levels and vault maps discovered:
D:        dungeon_sprint_1 [red_sonja_temple_1, red_sonja_temple_small_1]

Skill      XL: |  1  2  3  4 |
---------------+-------------+-----
Fighting       | 5 6 8 |  8.4
Long Blades    | 3 5 7 |  7.7
Armour         | 5 6 7 |  7.7
Shields        | 5 6 8 |  8.5
Dodging        | 1 2 |  2.2

Action                   |  1- 3 |  4- 6 || total
-------------------------+-------+-------++-------
Melee: Long sword        |    14 |    10 ||    24
       Headbutt          |     2 |     2 ||     4
  Use: Potion            |     1 |       ||     1
Armor: Scale mail        |     1 |     3 ||     4
Dodge: Dodged            |     7 |     1 ||     8
Block: Kite shield       |     9 |     2 ||    11
       Rpst.: Long sword |     3 |     1 ||     4
